 Dungeon Crawl Stone Soup version 0.30-a0-1066-g63dfefce0d (webtiles) character file.

Game seed: 1562599536961481505

6778 cforsyth the Summoner (level 11, -9/58 (61) HPs)
             Began as an Octopode Summoner on Apr 12, 2023.
             Was an Initiate of Gozag.
             Mangled by an ogre
             ... wielding a +0 giant spiked club
             ... led by Lodul
              (27 damage)
             ... on level 9 of the Dungeon on Apr 13, 2023.
             The game lasted 00:22:40 (9082 turns).

cforsyth the Summoner (Octopode Summoner)           Turns: 9082, Time: 00:22:41

HP:   -9/58 (61)    AC:  1    Str:  8    XL:     11   Next: 4%
MP:   25/25         EV: 13    Int: 27    God:    Gozag
Gold: 956           SH:  0    Dex: 13    Spells: 18/31 levels left

rFire   . . .      SeeInvis .    (no weapon)
rCold   . . .      Faith    .    (no shield)
rNeg    . . .      Spirit   .    (helmet restricted)
rPois   +          Reflect  .    p - amulet of regeneration
rElec   .          Rampage  .    l - ring of poison resistance
rCorr   .                        t - +6 ring of intelligence
Will    .....                    (no ring)
Stlth   +++                      (no ring)
HPRegen 1.09/turn                (no ring)
MPRegen 0.19/turn                (no ring)
                                 (no ring)
                                 (no ring)

@: lightly drained
A: almost no armour, amphibious, 8 rings, camouflage 1, gelatinous body 1,
(nimble swimmer 1), tentacles
a: Renounce Religion, Potion Petition, Call Merchant, Bribe Branch


You were on level 9 of the Dungeon.
You worshipped Gozag.
Gozag was pleased with you.
You visited 2 branches of the dungeon, and saw 11 of its levels.

You collected 1107 gold pieces.
You spent 30 gold pieces at shops.
You paid 121 gold pieces to Gozag.

Inventory:

Missiles
 m - a throwing net
Jewellery
 f - a ring of fire
 l - a ring of poison resistance (left tentacle)
 p - an amulet of regeneration (around mantle)
 t - a +6 ring of intelligence (right tentacle)
 v - a ring of willpower
 J - an amulet of the acrobat
Wands
 w - a wand of iceblast (8)
 A - a wand of charming (16)
 D - a wand of flame (14)
Scrolls
 b - a scroll of fog {unknown}
 c - 5 scrolls of identify {unknown}
 g - 2 scrolls of silence {unknown}
 k - a scroll of magic mapping {unknown}
 n - 7 scrolls of teleportation {unknown}
 o - 2 scrolls of blinking {unknown}
 q - a scroll of acquirement {unknown}
 x - a scroll of torment {unknown}
 y - 2 scrolls of immolation {unknown}
 z - a scroll of noise {unknown}
 C - 2 scrolls of butterflies {unknown}
 E - 2 scrolls of vulnerability {unknown}
 F - a scroll of enchant armour {unknown}
 I - a scroll of poison {unknown}
Potions
 a - a potion of magic
 d - 4 potions of curing {unknown}
 e - 5 potions of heal wounds {unknown}
 h - 2 potions of might {unknown}
 i - a potion of flight {unknown}
 j - 2 potions of brilliance {unknown}
 r - 2 potions of invisibility {unknown}
 s - 5 potions of mutation {unknown}
 u - a potion of attraction {unknown}
 B - 2 potions of resistance {unknown}
 G - a potion of lignification {unknown}
 H - a potion of berserk rage
 K - a potion of cancellation {unknown}
 L - a potion of degeneration {unknown}


   Skills:
 - Level 2.0 Dodging
 - Level 2.6 Stealth
 + Level 10.5 Spellcasting
 - Level 3.0 Hexes
 + Level 11.6 Summonings
 - Level 4.0 Air Magic


You had 18 spell levels left.
You knew the following spells:

 Your Spells              Type           Power      Damage    Failure   Level
a - Summon Small Mammal   Summ           100%       N/A       1%          1
b - Call Imp              Summ           100%       N/A       1%          2
c - Call Canine Familiar  Summ           67%        N/A       1%          3
d - Summon Guardian Gole  Hex/Summ       52%        N/A       1%          3
e - Summon Lightning Spi  Summ/Air       54%        N/A       1%          4

Your spell library contained the following spells:

 Spells                   Type           Power      Damage    Failure   Level
 Vhi's Electric Charge    Tloc/Air       50%        N/A       5%          3
 Ignite Poison            Fire/Tmut/Pois 14%        N/A       12%         3
 Stone Arrow              Conj/Erth      28%        3d8       12%         3
 Sticky Flame             Conj/Fire      14%        2d4       38%         4
 Arcjolt                  Conj/Air       12%        1d22      45%         5
 Ignition                 Fire           7%         3d4       100%        8
 Lehudib's Crystal Spear  Conj/Erth      7%         10d3      100%        8
 Maxwell's Capacitive Co  Air            17%        ∞         100%        8
 Animate Armour           Summ/Erth      Unusable   N/A       N/A         4

Dungeon Overview and Level Annotations

Branches:
Dungeon (10/15)            Temple (1/1) D:5
   Lair: D:8-11         Orc: D:9-12

Altars:
Cheibriados
Dithmenos
Elyvilon
Fedhas
Gozag
Hepliaklqana
Kikubaaqudgha
Makhleb
Nemelex Xobeh
Okawaru
Qazlal
Ru
Trog
Uskayaw
Vehumet
Wu Jian
Xom
Yredelemnul

Shops:
D:1 *   D:7 =

Annotations:
D:2 Sigmund
D:3 1 runed translucent door, Destinykillz's ghost, amateur HOFi
D:9 Lodul


Innate Abilities, Weirdness & Mutations

You cannot wear most types of armour.
You are amphibious.
You can wear up to eight rings at the same time.
Your skin changes colour to match your surroundings (Stealth+).
Your rubbery body absorbs attacks. (AC +1, EV +1)
((You are camouflaged when in or above water. (Stealth+)))
You have tentacles for arms and can constrict up to eight enemies at once.


Message History

Your warg closely misses the killer bee.
The killer bee stings your warg!
Your warg bites the killer bee but does no damage.
The killer bee barely misses your warg.
Your warg bites the killer bee.
The killer bee dies!
You swap places.
You now have 956 gold pieces (gained 7).
Your warg disappears in a puff of smoke!
Your guardian golem disappears in a puff of smoke!
Done exploring.
Done exploring.
Done exploring.
Done exploring.
Done exploring.
(D) Dungeon (T) Temple
Where to? (? - help)
There is a stone staircase leading down here.
You climb downwards.
Found a spear and a scroll labelled OBREOPP DAKA.
There is a stone staircase leading up here.
There are monsters nearby!
You climb upwards.
There is a stone staircase leading down here.
There is a stone staircase leading down here.
You climb downwards.
The ogre shouts! x2
Found a wand of iceblast (4), a fuming grey potion and a book of Geomancy.
There is a stone staircase leading up here.
Lodul closely misses you.
The ogre hits you with a +0 giant spiked club!
The ogre shouts!
You climb upwards.
There is a stone staircase leading down here.
The ogre barely misses you. Lodul attacks as you move away!
Lodul hits you with a +2 dire flail of draining!!
You feel drained. The ogre attacks as you move away!
The ogre hits you with a +0 giant spiked club!!
You die...
Your body crumbles into a pile of gold.

#########################
#........................
#.#######################
#.#...>O@...............#
#.#.#..O#..############.#
#.#........#########.#..)
#.#............[.........
#)#......................
#.#.............)........
#.#......................
#.#......................
#.....<..................


You could see Lodul and an ogre.

Vanquished Creatures
  A killer bee (D:9)
  A howler monkey (D:8)
  2 dart slugs (D:1)
  An orc (D:8)
  2 endoplasms (D:2)
  A giant cockroach (D:2)
  A hobgoblin (D:1)
  4 kobolds
  A quokka (D:1)
  3 ball pythons
  A bat (D:3)
  2 frilled lizards (D:1)
20 creatures vanquished.

Vanquished Creatures (collateral kills)
  2 two-headed ogres (D:8)
  Pikel (D:7)
  Joseph (D:7)
  Prince Ribbit (D:5)
  A hornet (D:8)
  A shadow (D:9)
  3 yaks (D:9)
  A steam dragon (D:9)
  Menkaure (D:7)
  A water moccasin (D:7)
  A black bear (D:7)
  A sky beast (D:7)
  An orc warrior (D:9)
  2 lemures (D:7)
  3 phantoms
  3 bullfrogs
  4 wights (D:9)
  9 killer bees (D:9)
  3 howler monkeys
  A jelly (D:6)
  3 hounds
  8 orc priests
  9 iguanas
  4 orc wizards
  12 gnolls
  6 adders
  3 white imps
  A worm (D:3)
  2 dart slugs
  23 orcs
  6 ball pythons
  2 endoplasms
  A giant cockroach (D:1)
  2 goblins (D:1)
  2 hobgoblins
  A quokka (D:2)
  3 bats
  2 kobolds
  4 rats
135 creatures vanquished.

Vanquished Creatures (others)
  A two-headed ogre (D:6)
  A hornet (D:8)
  An ogre (D:6)
  A centaur (D:9)
  3 killer bees (D:9)
  An orc (D:5)
  A plant (D:2)
9 creatures vanquished.

Grand Total: 164 creatures vanquished

Notes
Turn   | Place    | Note
-------+----------+-------------------------------------------
     0 | D:1      | cforsyth the Octopode Summoner began the quest for the Orb.
     0 | D:1      | Reached XP level 1. HP: 11/11 MP: 3/3
   115 | D:1      | Reached XP level 2. HP: 17/17 MP: 3/5
   293 | D:1      | Found Ydanarid's Assorted Antiques.
   296 | D:1      | Bought a fuming sapphire potion for 15 gold pieces
   296 | D:1      | Bought a golden potion for 15 gold pieces
   398 | D:1      | Found a faded altar of an unknown god.
   570 | D:1      | Learned a level 2 spell: Call Imp
   709 | D:1      | Reached XP level 3. HP: 19/21 MP: 2/6
  1318 | D:2      | Noticed Sigmund
  1340 | D:2      | Learned a level 3 spell: Call Canine Familiar
  1675 | D:3      | Reached XP level 4. HP: 27/27 MP: 4/8
  1703 | D:3      | Reached skill level 5 in Summonings
  1888 | D:3      | Reached XP level 5. HP: 31/31 MP: 10/10
  2165 | D:3      | Found a runed translucent door.
  2498 | D:3      | Noticed Destinykillz's ghost (amateur HOFi)
  2579 | D:3      | Found a hide-covered altar of Uskayaw.
  2588 | D:3      | Found a blossoming altar of Fedhas.
  2879 | D:4      | Noticed a phantom
  2889 | D:4      | Killed a phantom
  2890 | D:4      | Reached XP level 6. HP: 36/36 MP: 5/12
  2894 | D:4      | Learned a level 3 spell: Summon Guardian Golem
  2899 | D:4      | Learned a level 4 spell: Summon Lightning Spire
  3017 | D:4      | Reached skill level 6 in Summonings
  3564 | D:5      | Entered Level 5 of the Dungeon
  3679 | D:5      | Reached skill level 1 in Hexes
  3679 | D:5      | Reached skill level 1 in Air Magic
  3709 | D:5      | Noticed Prince Ribbit
  3730 | D:5      | Killed Prince Ribbit
  3731 | D:5      | Reached XP level 7. HP: 38/41 MP: 8/14
  3893 | D:5      | Reached skill level 5 in Spellcasting
  3903 | D:5      | Found a staircase to the Ecumenical Temple.
  4062 | D:5      | Reached XP level 8. HP: 46/46 MP: 8/15
  4233 | D:5      | Found a basalt altar of Yredelemnul.
  4233 | D:5      | Found an iron altar of Okawaru.
  4234 | D:5      | Found an ancient bone altar of Kikubaaqudgha.
  4670 | Temple   | Entered the Ecumenical Temple
  4677 | Temple   | Became a worshipper of Gozag Ym Sagoz the Greedy
  4806 | D:6      | Reached skill level 7 in Summonings
  4847 | D:6      | Noticed a two-headed ogre
  4860 | D:6      | Killed a two-headed ogre
  4861 | D:6      | Reached XP level 9. HP: 51/51 MP: 11/19
  5045 | D:6      | Found a snail-covered altar of Cheibriados.
  5274 | D:6      | Reached skill level 8 in Summonings
  5816 | D:7      | Noticed Joseph
  5823 | D:7      | Noticed Menkaure
  5941 | D:7      | Killed Joseph
  5953 | D:7      | Killed Menkaure
  5954 | D:7      | Reached skill level 9 in Summonings
  6145 | D:7      | Noticed Pikel
  6160 | D:7      | Killed Pikel
  6349 | D:7      | Found Wuipturch's Jewellery Boutique.
  6502 | D:7      | Found a shadowy altar of Dithmenos.
  6511 | D:7      | Found a shimmering altar of Xom.
  6568 | D:7      | Reached XP level 10. HP: 42/56 MP: 15/22
  6984 | D:8      | Reached skill level 10 in Summonings
  7175 | D:8      | Noticed a two-headed ogre
  7182 | D:8      | Killed a two-headed ogre
  7241 | D:8      | Noticed a two-headed ogre
  7248 | D:8      | Killed a two-headed ogre
  7740 | D:9      | Reached skill level 11 in Summonings
  7855 | D:9      | Reached skill level 10 in Spellcasting
  8518 | D:9      | Reached XP level 11. HP: 61/61 MP: 22/25
  9023 | D:10     | Entered Level 10 of the Dungeon
  9077 | D:10     | Noticed Lodul
  9082 | D:9      | Mangled by an ogre

Illustrated notes

Levels and vault maps discovered:
D:1:      dpeg_arrival_stonehenge_8_columns, layout_loops_ring, serial_shops,
          shop, hellmonk_ecumenical_altar_defaced_shrine, minmay_misc_feat_tower
D:2:      layout_loops_ring, serial_shops, nicolae_shop_overgrown_old_shop,
          nicolae_hexahallways, uniq_terence, uniq_sigmund
D:3:      layout_loops_corners, mainiacjoe_overflow_swirl,
          ebering_ghost_reflecting_pool
D:4:      layout_cave_pools
D:5:      layout_loops_ring, gammafunk_temple_overflow_claw,
          minmay_temple_entry_fiery, chequers_serial_rivers_micro_b,
          uniq_prince_ribbit1
D:6:      layout_basic, kennysheep_slug_shrine
D:7:      layout_basic, amethyst_overflow_temple_binary, serial_shops,
          kennysheep_mini, uniq_joseph, uniq_pikel, uniq_menkaure
D:8:      layout_gridville
D:9:      layout_basic
D:10:     layout_rooms, uniq_urug, uniq_fannar, uniq_lodul
Temple:   eino_temple_lava

Skill      XL: |  1  2  3  4  5  6  7  8  9 10 |
---------------+-------------------------------+-----
Spellcasting   | 3 4 5 6 8 10 | 10.5
Summonings     | 5 6 7 9 11 | 11.6
Hexes          | 2 3 |  3.0
Air Magic      | 2 4 |  4.0
Dodging        | |  2.0
Stealth        | |  2.6

Action                     |  1- 3 |  4- 6 |  7- 9 | 10-12 || total
---------------------------+-------+-------+-------+-------++-------
  Melee: Unarmed           |    50 |     8 |     3 |    10 ||    71
         Constrict         |    17 |     3 |       |     4 ||    24
         Tentacles         |    19 |     2 |     1 |     6 ||    28
         Punch             |     2 |       |     1 |       ||     3
   Cast: Summon Small Mamm |    42 |    12 |    36 |    12 ||   102
         Call Canine Famil |     3 |    19 |    19 |    15 ||    56
         Call Imp          |     2 |    12 |    24 |    15 ||    53
         Summon Guardian G |       |     1 |     4 |    12 ||    17
         Summon Lightning  |       |       |     1 |     4 ||     5
   Stab: Sleeping          |     2 |       |       |       ||     2
 Armour: Skin              |     3 |     2 |       |       ||     5
  Dodge: Dodged            |    39 |     6 |     9 |    43 ||    97

Table legend: (Time is in decaauts)
 A = Elapsed time spent in this place.
 B = Non-inter-level travel time spent in this place.
 C = Inter-level travel time spent in this place.
 D = Time resting spent in this place.
 E = Time spent auto-exploring this place.
 F = Levels seen in this place.
 G = Mean time per level.
                   A        B        C        D        E       F      G
               +--------+--------+--------+--------+--------+-----+--------+
         Total |   9083 |   8781 |    302 |    438 |   6488 |  11 |  825.7 |
       Dungeon |   9068 |   8774 |    294 |    438 |   6488 |  10 |  906.8 |
        Temple |     14 |      7 |      7 |      0 |      0 |   1 |   14.0 |
               +--------+--------+--------+--------+--------+-----+--------+

Top non-repeatable levels by time:
     D:3: 1476 daAuts
     D:8: 1298 daAuts
     D:6: 1175 daAuts
     D:9: 1152 daAuts
     D:5: 1140 daAuts
     D:1: 893 daAuts
     D:4: 743 daAuts
     D:7: 735 daAuts
     D:2: 448 daAuts
  Temple: 14 daAuts
    D:10: 3 daAuts
